 Dungeon Crawl Stone Soup version 0.32-a0-675-gdc239d62e1 (webtiles) character file.

Game seed: 10836125792962879582

391 Esekla the Chopper (level 6, -5/75 HPs)
             Began as a Mountain Dwarf Wanderer on Mar 11, 2024.
             Slain by Menkaure (12 damage)
             ... on level 5 of the Dungeon.
             The game lasted 00:18:00 (3994 turns).

Esekla the Chopper (Mountain Dwarf Wanderer)        Turns: 3994, Time: 00:18:00

Health: -5/75      AC: 23    Str: 15    XL:     6   Next: 50%
Magic:  9/9        EV:  2    Int: 16    God:
Gold:   212        SH:  0    Dex:  7    Spells: 6/9 levels left

rFire   . . .        a - +0 war axe
rCold   . . .        (no shield)
rNeg    . . .        c - melded +0 leather armour
rPois   +            j - melded +1 hat
rElec   .            (cloak currently unavailable)
rCorr   .            (gloves currently unavailable)
SInv    .            r - melded +0 pair of boots
Will    +....        (no amulet)
Stlth   +            e - ring of willpower
HPRegen 0.32/turn    v - ring of poison resistance
MPRegen 0.11/turn

%: no passive effects
@: tree-form
A: stationary, stasis, torment immunity, boosted hp, runic magic, artefact
enchanting
a: no special abilities


You were on level 5 of the Dungeon.
You were a tree.
You visited 2 branches of the dungeon, and saw 6 of its levels.

You collected 212 gold pieces.

Inventory:

Hand Weapons
 a - a +0 war axe (weapon)
 h - the +1 whip of the Desert {flame, rF+++ Dex+4 Stlth-}
   (You found it on level 5 of the Dungeon)

   Dex+4:     It affects your dexterity (+4).
   rF+++:     It renders you almost immune to fire.
   Stlth-:    It makes you less stealthy.
 q - a +0 trident
 s - a +0 dagger
Armour
 c - a +0 leather armour (melded)
 j - a +1 hat (melded)
 r - a +0 pair of boots (melded)
 y - the +0 helmet of Failure {rC- rN+++ Str+6}
   (You found it on level 3 of the Dungeon)

   Str+6:     It affects your strength (+6).
   rC-:       It makes you vulnerable to cold.
   rN+++:     It renders you almost immune to negative energy.
Jewellery
 e - a ring of willpower (left branch)
 p - a ring of ice
 v - a ring of poison resistance (right branch)
Wands
 d - a wand of flame (4) (quivered)
 n - a wand of charming (9)
Scrolls
 b - a scroll of fear
 f - 5 scrolls of teleportation
 g - a scroll of revelation {unknown}
 i - 4 scrolls of amnesia {unknown}
 m - 4 scrolls of noise {unknown}
 t - 2 scrolls of blinking {unknown}
 u - a scroll of summoning {unknown}
Potions
 l - a potion of curing
 w - a potion of attraction


   Skills:
 * Level 2.9 Fighting
 * Level 3.9 Axes
 * Level 2.9 Armour
 + Level 1.5 Dodging
 - Level 1.0 Stealth
 * Level 2.3 Spellcasting
 + Level 1.9 Conjurations
 - Level 1.0 Hexes
 * Level 1.2 Air Magic
 * Level 1.3 Alchemy
 + Level 2.4 Evocations


You had 6 spell levels left.
You knew the following spells:

 Your Spells              Type           Power      Damage    Failure   Level
c - Mephitic Cloud        Conj/Alch/Air  6%         N/A       32%         3

Your spell library contained the following spells:

 Spells                   Type           Power      Damage    Failure   Level
 Magic Dart               Conj           32%        1d4       9%          1
 Slow                     Hex            20%        N/A       13%         1
 Kiss of Death            Conj/Necr      16%        2d6       14%         1
 Apportation              Tloc           2%         N/A       21%         1
 Jinxbite                 Hex            10%        N/A       21%         2
 Inner Flame              Hex/Fire       3%         N/A       43%         3
 Alistair's Intoxication  Alch           4%         N/A       97%         5


Dungeon Overview and Level Annotations

Branches:
Dungeon (5/15)             Temple (1/1) D:4

Altars:
Dithmenos
Elyvilon
Fedhas
Gozag
Hepliaklqana
Kikubaaqudgha
Sif Muna
Uskayaw
Xom
The Shining One

Annotations:
D:5 Menkaure


Innate Abilities, Weirdness & Mutations

You are a tree.
Your roots penetrate the ground, keeping you stationary.
You cannot be teleported.
You are immune to unholy pain and torment.
Your maximum health is greatly increased.
Your equipment is partially melded.
Your spellcasting is much less encumbered by armour.
You can use scrolls of enchantment on lesser artefacts.


Message History

Menkaure barely misses you.
There is a stone staircase leading up here.
You hit Menkaure but do no damage.
Menkaure casts a spell.
Menkaure seems to speed up.
You barely miss Menkaure.
Menkaure giggles, "These cerements are ticklish..."
Menkaure barely misses you.
You closely miss Menkaure. Menkaure hits you! Menkaure hits you.
You hit Menkaure.
Menkaure is lightly damaged.
Menkaure hits you!!
You hit Menkaure.
Menkaure is lightly damaged.
Menkaure barely misses you. Menkaure hits you!
* * * LOW HITPOINT WARNING * * *
You barely miss Menkaure.
Menkaure is lightly damaged.
Menkaure closely misses you. Menkaure completely misses you.
You hit Menkaure.
Menkaure is lightly damaged.
Menkaure hits you but does no damage.
You turn into a tree.
Your +1 hat melds into your body.
Your +0 pair of boots melds into your body.
Your +0 leather armour melds into your body.
Your roots penetrate the ground.
Menkaure hits you.
* * * LOW HITPOINT WARNING * * *
You feel much better. Menkaure hits you!
* * * LOW HITPOINT WARNING * * *
Menkaure hits you!
* * * LOW HITPOINT WARNING * * *
You hit Menkaure.
Menkaure is moderately damaged.
Menkaure hits you but does no damage.
Okay, then.
You hit Menkaure.
Menkaure is heavily damaged.
Menkaure shouts, "The sands of time shall wipe you from history!"
Menkaure hits you!
You die...

#....# .#h# #....#
###.. # ##
#.$..##...##..
#.#........#........
#.#.####...#....#..
... ...............
#.#######.#...#...
#.<.M.........# #
#..♣#.#####...#
#.#.#.# #.##
#.###.#.# .#
#.......# .#
######.## #.# #.#
#.# #.#


You could see Menkaure (fast).

Vanquished Creatures
  A phantom (D:5)
  5 hounds
  A sleepcap (D:4)
  3 adders
  4 gnolls
  2 dart slugs (D:4)
  A ribbon worm (D:2)
  4 orcs (D:4)
  6 bats
  6 endoplasms
  2 giant cockroaches
  7 goblins
  8 hobgoblins
  10 ball pythons
  A frilled lizard (D:1)
  7 kobolds
  5 rats
73 creatures vanquished.

Notes
Turn   | Place    | Note
-------+----------+-------------------------------------------
     0 | D:1      | Esekla the Mountain Dwarf Wanderer began the quest for the
                  | Orb.
     0 | D:1      | Esekla set off with the following items: a +0 club, a
                  | scroll of fear, a +0 robe, a wand of flame (5); and the
                  | following spells available to memorise: Magic Dart, Slow,
                  | Kiss of Death, Mephitic Cloud, Inner Flame.
     0 | D:1      | Reached XP level 1. HP: 16/16 MP: 3/3
   345 | D:1      | Reached XP level 2. HP: 23/23 MP: 4/4
   607 | D:1      | Upgraded the game from 0.32-a0-673-g3729bd50f8 to
                  | 0.32-a0-675-gdc239d62e1
   953 | D:2      | Reached skill level 1 in Axes
  1061 | D:2      | Reached skill level 1 in Armour
  1162 | D:2      | Reached XP level 3. HP: 27/28 MP: 5/5
  1166 | D:2      | Learned a level 3 spell: Mephitic Cloud
  1594 | D:3      | Identified the +0 helmet of Failure {rC- rN+++ Str+6}
  2093 | D:4      | Reached skill level 2 in Axes
  2093 | D:4      | Reached XP level 4. HP: 5/36 MP: 7/7
  2326 | D:4      | Found an ancient bone altar of Kikubaaqudgha.
  2491 | D:4      | Reached skill level 1 in Alchemy
  2491 | D:4      | Reached XP level 5. HP: 28/41 MP: 8/8
  2732 | D:5      | Entered Level 5 of the Dungeon
  2732 | D:5      | Noticed a sky beast
  2751 | D:4      | Reached skill level 3 in Axes
  2929 | D:4      | Found a staircase to the Ecumenical Temple.
  2939 | Temple   | Entered the Ecumenical Temple
  2945 | Temple   | HP: 2/42 [adder (4)]
  2950 | Temple   | Reached skill level 1 in Air Magic
  3588 | D:3      | Reached XP level 6. HP: 33/50 MP: 4/9
  3797 | D:5      | Identified the +1 whip of the Desert {flame, rF+++ Dex+4
                  | Stlth-}
  3839 | D:5      | Noticed Menkaure
  3994 | D:5      | Slain by Menkaure

Illustrated notes

Levels and vault maps discovered:
D:1:      scummos_arrival_simple_crosswalls, layout_basic
D:2:      layout_rooms, dk_noncrumbling_4, minmay_statues_item
D:3:      layout_basic, cheibrodos_gnoll_hut
D:4:      layout_loops_ring, kiku_gazebo_garden_becter,
          minmay_temple_entry_ruins
D:5:      layout_basic, nemelex_spade_bored_becter,
          nicolae_ru_the_path_less_chosen, mainiacjoe_overflow_small_starburst,
          grunt_temple_overflow_lords_of_destruction, minmay_hedge_maze,
          minmay_crystal_room, uniq_menkaure
Temple:   jpeg_temple_island

Skill      XL: |  1  2  3  4  5 |
---------------+----------------+-----
Axes           | 1 2 3 |  3.9
Armour         | 1 2 |  2.9
Spellcasting   | 2 |  2.3
Fighting       | 2 |  2.9
Alchemy        | 1 |  1.3
Air Magic      | 1 |  1.2
Dodging        | |  1.5
Stealth        | |  1.0
Conjurations   | |  1.9
Hexes          | |  1.0
Evocations     | |  2.4

Action                     |  1- 3 |  4- 6 || total
---------------------------+-------+-------++-------
  Melee: Hand axe          |   226 |       ||   226
         War axe           |    12 |   174 ||   186
   Cast: Mephitic Cloud    |       |     1 ||     1
  Evoke: Wand              |     1 |       ||     1
    Use: Potion            |     1 |     4 ||     5
         Scroll            |       |     6 ||     6
 Armour: Robe              |   162 |       ||   162
         Leather armour    |    21 |   173 ||   194
         Skin              |       |     5 ||     5
  Dodge: Dodged            |   178 |   115 ||   293

Table legend: (Time is in decaauts)
 A = Elapsed time spent in this place.
 B = Non-inter-level travel time spent in this place.
 C = Inter-level travel time spent in this place.
 D = Time resting spent in this place.
 E = Time spent auto-exploring this place.
 F = Levels seen in this place.
 G = Mean time per level.
                   A        B        C        D        E       F      G
               +--------+--------+--------+--------+--------+-----+--------+
         Total |   4119 |   3976 |    143 |   1091 |    915 |   6 |  686.5 |
       Dungeon |   3855 |   3712 |    143 |   1005 |    783 |   5 |  771.0 |
        Temple |    264 |    264 |      0 |     86 |    132 |   1 |  264.0 |
               +--------+--------+--------+--------+--------+-----+--------+

Top non-repeatable levels by time:
     D:4: 1409 daAuts
     D:1: 921 daAuts
     D:3: 818 daAuts
     D:2: 621 daAuts
  Temple: 264 daAuts
     D:5: 85 daAuts
